 Dungeon Crawl Stone Soup version 0.28-a0-1227-ga9037bb4c8 (webtiles) character file.

Game seed: 4126689777978049769

22033 opoi33 the Severer (level 12, -4/64 HPs)
             Began as a Gargoyle Berserker on Dec 22, 2021.
             Was a High Priest of Trog.
             Killed by refrigeration
             ... invoked by Fannar
              (23 damage)
             ... on level 10 of the Dungeon.
             The game lasted 01:21:09 (15532 turns).

opoi33 the Severer (Gargoyle Berserker)            Turns: 15532, Time: 01:21:09

Health: -4/64      AC: 39    Str: 30    XL:     12   Next: 96%
Magic:  12/12      EV:  8    Int:  9    God:    Trog [*****.]
Gold:   938        SH: 11    Dex: 11    Spells: 11/11 levels left

rFire   . . .      SeeInvis .   F - +5 trident (freeze)
rCold   . . .      Faith    .   c - +2 tower shield of Weightlessness {Regen+ Str+5 Dex+2}
rNeg    + . .      Spirit   .   N - +3 plate armour
rPois   ∞          Reflect  .   G - +1 helmet
rElec   +          Harm     .   p - +2 cloak {Stlth+}
rCorr   .          Rampage  +   B - +0 pair of gloves
Will    .....                   b - +2 pair of boots {rampage}
Stlth   ..........              n - amulet of regeneration
HPRegen 1.80/turn               m - +4 ring of evasion
MPRegen 0.13/turn               w - ring of flight

@: on berserk cooldown, flying, slowed, very slow
A: sickness immunity, AC +8, negative energy resistance 1, electricity
resistance, torment resistance 1, petrification resistance
a: Renounce Religion, Berserk, Trog's Hand, Brothers in Arms


You were on level 10 of the Dungeon.
You worshipped Trog.
Trog was extremely pleased with you.
You visited 2 branches of the dungeon, and saw 12 of its levels.
You also visited: Bailey.

You collected 938 gold pieces.

Inventory:

Hand Weapons
 F - a +5 trident of freezing (weapon)
Armour
 b - a +2 pair of boots of rampaging (worn)
 c - the +2 tower shield of Weightlessness (worn) {Regen+ Str+5 Dex+2}
   (You found it on level 9 of the Dungeon)

   Str:       It affects your strength (+5).
   Dex:       It affects your dexterity (+2).
   Regen:     It increases your rate of health regeneration.
 p - a +2 cloak of stealth (worn)
 B - a +0 pair of gloves (worn)
 G - a +1 helmet (worn)
 N - a +3 plate armour (worn)
Jewellery
 a - a ring of protection from cold
 m - a +4 ring of evasion (left hand)
 n - an amulet of regeneration (around neck)
 o - a +6 ring of intelligence
 w - a ring of flight (right hand)
 x - an amulet of the acrobat
Wands
 q - a wand of polymorph (10)
 E - a wand of flame (17)
 I - a wand of charming (14)
 K - a wand of iceblast (1)
 M - a wand of acid (21)
Scrolls
 e - 3 scrolls of fear {unknown}
 f - 2 scrolls of enchant weapon {unknown}
 g - 3 scrolls of acquirement
 j - 4 scrolls of teleportation
 k - 3 scrolls of enchant armour {unknown}
 r - 2 scrolls of brand weapon {unknown}
 t - 3 scrolls of amnesia {unknown}
 u - 2 scrolls of fog {unknown}
 y - a scroll of blinking {unknown}
 A - 2 scrolls of identify
 D - 2 scrolls of vulnerability {unknown}
 H - 4 scrolls of magic mapping {unknown}
 J - a scroll of noise {unknown}
 P - a scroll of holy word {unknown}
 Q - a scroll of silence {unknown}
Potions
 d - a potion of ambrosia
 h - 4 potions of haste
 i - 2 potions of might
 l - a potion of berserk rage
 s - 6 potions of curing
 v - 2 potions of degeneration
 z - a potion of invisibility
 C - a potion of lignification
 L - 3 potions of attraction
 O - a potion of resistance {unknown}


   Skills:
 - Level 3.3 Fighting
 * Level 15.9 Axes
 + Level 13.6 Armour
 - Level 1.6 Dodging


You had 11 spell levels left.
You didn't know any spells.
Your spell library was empty.

Dungeon Overview and Level Annotations

Branches:
Dungeon (10/15)            Temple (0/1) D:5            Lair (2/6) D:8
 Bailey (visited)
  Swamp: Lair:2-4    Shoals: Lair:2-4     Snake: Lair:2-4    Spider: Lair:2-4
    Orc: D:9-12

Altars:
Fedhas
Gozag
Hepliaklqana
Makhleb
Nemelex Xobeh
Qazlal
Sif Muna
Trog
Vehumet
Yredelemnul
The Shining One
Beogh

Shops:
D:10 *

Annotations:
D:10 Fannar


Innate Abilities, Weirdness & Mutations

You are immune to sickness and miasma.
Your stone body is resilient. (AC +8)
You are immune to poison.
You resist negative energy. (rN+)
You are resistant to electric shocks. (rElec)
You are resistant to unholy torment.
You are immune to petrification.


Message History

You feel yourself slow down.
You closely miss something.
You hear some strange, mumbled words.
A bolt of cold appears from out of thin air!
The bolt of cold hits you but does no damage.
The ice beast hits you but does no damage.
You hear some strange, mumbled words.
The ice beast hits you but does no damage.
You closely miss something. Something hits you but does no damage.
You block the ice beast's attack. Something hits you but does no damage.
The ice beast barely misses you.
The ice beast hits you but does no damage.
You barely miss something. Something hits you but does no damage.
The ice beast hits you but does no damage.
You block the ice beast's attack. Something hits you but does no damage.
The ice beast hits you but does no damage.
You puncture the ice beast!
The ice beast is moderately wounded.
The ice beast hits you but does no damage.
You hear some strange, mumbled words.
The ambient heat is drained!
The ice beast closely misses you. You block the ice beast's attack.
You hear some strange, mumbled words.
The ice beast hits you but does no damage.
You impale the ice beast!!
You kill the ice beast!
The ice beast disappears in a puff of smoke!
Something hits you but does no damage.
The ice beast hits you but does no damage.
You hear some strange, mumbled words.
The ambient heat is drained!
You block the ice beast's attack. Something hits you but does no damage.
You block the ice beast's attack.
The ice beast hits you but does no damage.
You block the ice beast's attack.
You hear some strange, mumbled words.
The ambient heat is drained!
* * * LOW HITPOINT WARNING * * *
You hear some strange, mumbled words.
The ambient heat is drained!
You die...

#.).. ........
#...#####....... ..#
##...#...#....... #. ..#
#....#...#....... #.#####.#
#....#...#....... #.......#
#..<.###'#..P.... #.......#
#................
#.......###+##................
#.........{.Y@.......##.P..)#+
......).....Y........#........
......8..#####.......#........
.............+.......#........
>............#.......#........
....#........#.......#.....#..
....#........#.......#######..
... ###......#......... .....
.. #......#.######## .....


You could see 2 ice beasts.

Vanquished Creatures
  A hydra (Lair:1)
  A two-headed ogre (D:9)
  2 orc knights (Bailey)
  A deep elf pyromancer (D:9)
  A wolf spider zombie (D:8)
  An orc sorcerer (Bailey)
  A black mamba (Lair:2)
  5 centaur zombies
  A torpor snail (Lair:2)
  3 cane toads
  A gargoyle (D:10)
  Psyche (D:10)
  A kobold demonologist (Bailey)
  3 tengu conjurers (D:9)
  The ghost of zikan the Skirmisher, a novice GrFi of Yredelemnul (D:8)
  A rime drake (Lair:2)
  2 komodo dragons
  2 hellwings (D:8)
  A troll (D:9)
  Grinder (D:5)
  8 blink frogs (Lair:2)
  16 yaks
  A basilisk (Lair:2)
  A steam dragon (D:9)
  A warg (D:8)
  An acid dragon (D:9)
  11 water moccasins
  An ice beast (D:7)
  10 necrophages
  10 orc warriors
  4 black bears
  2 ogres (D:5)
  2 centaurs (D:8)
  A phantom (D:6)
  2 kobold brigands
  8 bullfrogs
  A gnoll sergeant (D:9)
  A wyvern zombie (D:9)
  2 scorpions
  A water moccasin skeleton (D:6)
  7 killer bees
  17 wights
  6 electric eels
  5 hounds
  6 centaur skeletons
  A gnoll shaman (D:5)
  6 orc priests
  Crazy Yiuf (D:2)
  A bullfrog skeleton (D:9)
  2 jellies
  4 iguanas
  Jessica (D:2)
  Natasha (twice) (D:2)
  3 orc wizards
  A hound skeleton (D:4)
  4 mummies (D:10)
  5 howler monkey zombies
  22 gnolls
  11 adders
  6 shadow imps
  A white imp (D:7)
  An adder skeleton (D:4)
  2 worms (D:2)
  2 dart slugs
  42 orcs
  12 ball pythons
  5 bats
  5 endoplasms
  2 giant cockroaches
  14 goblins
  11 hobgoblins
  2 jackals (D:4)
  19 kobolds
  4 quokkas
  3 frilled lizards
  5 rats
356 creatures vanquished.

Vanquished Creatures (others)
  A killer bee (D:9)
  2 goblins (Bailey)
  36 fungi
  54 plants
  4 withered plants (D:8)
97 creatures vanquished.

Grand Total: 453 creatures vanquished

Notes
Turn   | Place    | Note
-------+----------+-------------------------------------------
     0 | D:1      | opoi33 the Gargoyle Berserker began the quest for the Orb.
     0 | D:1      | Reached XP level 1. HP: 14/14 MP: 1/1
   394 | D:1      | Reached skill level 3 in Axes
   394 | D:1      | Reached XP level 2. HP: 13/19 MP: 2/2
  1660 | D:2      | Reached XP level 3. HP: 9/23 MP: 3/3
  2118 | D:2      | Noticed Jessica
  2127 | D:2      | Killed Jessica
  2128 | D:2      | Reached XP level 4. HP: 28/28 MP: 4/4
  2172 | D:2      | Reached skill level 4 in Axes
  2234 | D:2      | Reached ** piety under Trog
  2526 | D:2      | Noticed Natasha
  2540 | D:2      | Killed Natasha
  2541 | D:2      | Reached XP level 5. HP: 32/32 MP: 5/5
  2790 | D:2      | Found a runed translucent door.
  2791 | D:2      | Noticed Crazy Yiuf
  2797 | D:2      | Killed Crazy Yiuf
  2988 | D:2      | Noticed Natasha
  2994 | D:2      | Killed Natasha
  2995 | D:2      | Reached skill level 5 in Axes
  2995 | D:2      | Reached XP level 6. HP: 37/37 MP: 6/6
  3762 | D:3      | You fall into a shaft and drop 1 floor!
  4247 | D:4      | Noticed a water moccasin
  4255 | D:4      | Killed a water moccasin
  4256 | D:4      | Reached skill level 6 in Axes
  4256 | D:4      | Reached skill level 5 in Armour
  4256 | D:4      | Reached XP level 7. HP: 41/41 MP: 7/7
  4477 | D:4      | Found a burning altar of Makhleb.
  5074 | D:5      | Entered Level 5 of the Dungeon
  5448 | D:5      | Found a staircase to the Ecumenical Temple.
  5519 | D:5      | Reached skill level 7 in Axes
  5519 | D:5      | Reached XP level 8. HP: 11/46 MP: 8/8
  5651 | D:5      | Noticed Grinder
  5668 | D:5      | Paralysed by Grinder for 5 turns
  5690 | D:5      | Killed Grinder
  6122 | D:5      | Reached *** piety under Trog
  6329 | D:6      | Reached skill level 8 in Axes
  6802 | D:6      | Found a basalt altar of Yredelemnul.
  6804 | D:6      | Found a stormy altar of Qazlal.
  6804 | D:6      | Found a sparkling altar of Nemelex Xobeh.
  6804 | D:6      | Found a glowing golden altar of the Shining One.
  6811 | D:6      | Found a shimmering blue altar of Sif Muna.
  6816 | D:6      | Found a hazy altar of Hepliaklqana.
  6941 | D:6      | Reached XP level 9. HP: 51/51 MP: 9/9
  6976 | D:6      | Reached skill level 9 in Axes
  7010 | D:6      | Found a blossoming altar of Fedhas.
  7094 | D:6      | Found a radiant altar of Vehumet.
  8800 | D:8      | Reached skill level 10 in Axes
  8811 | D:8      | Noticed a komodo dragon
  8826 | D:8      | Killed a komodo dragon
  8977 | D:8      | Reached XP level 10. HP: 56/56 MP: 10/10
  8993 | D:8      | Reached skill level 11 in Axes
  9040 | D:8      | Found a staircase to the Lair.
  9095 | Lair:1   | Entered Level 1 of the Lair of Beasts
  9195 | Lair:1   | Reached **** piety under Trog
  9254 | Lair:1   | Noticed a cane toad
  9273 | Lair:1   | Killed a cane toad
  9477 | Lair:1   | Noticed a six-headed hydra
  9491 | Lair:1   | Killed a six-headed hydra
  9492 | Lair:1   | Reached skill level 10 in Armour
  9496 | Lair:1   | Reached skill level 12 in Axes
  9675 | Lair:1   | Reached XP level 11. HP: 60/60 MP: 11/11
 10084 | Lair:2   | Reached skill level 13 in Axes
 11009 | Lair:2   | Identified the +1 robe of the Armadillo {Int+2}
 11554 | Lair:2   | Noticed a lindwurm
 11913 | D:8      | Found an opulent altar of Gozag.
 12012 | D:8      | Found a bloodstained altar of Trog.
 12202 | D:8      | Found a runed translucent gate.
 12205 | D:8      | Found a runed translucent gate.
 12205 | D:8      | Noticed zikan's ghost (novice GrFi)
 12206 | D:8      | Found a runed translucent gate.
 12336 | D:8      | Reached skill level 14 in Axes
 12383 | D:8      | Reached XP level 12. HP: 35/64 MP: 12/12
 12754 | D:8      | Killed zikan's ghost
 12763 | D:8      | Reached ***** piety under Trog
 13008 | D:9      | Noticed a two-headed ogre
 13016 | D:9      | Killed a two-headed ogre
 13029 | D:9      | Identified the +2 tower shield of Weightlessness {Regen+
                  | Str+5 Dex+2}
 13325 | D:9      | Reached skill level 15 in Axes
 13334 | D:9      | Found the +0 staff of Battle
 13397 | D:9      | Received a gift from Trog
 13547 | D:9      | Found a flagged portal.
 13556 | Bailey   | Entered a bailey
 13771 | Bailey   | Found an iron altar of Okawaru.
 13799 | Bailey   | Paralysed by an orc sorcerer for 2 turns
 14745 | D:10     | Entered Level 10 of the Dungeon
 14858 | D:10     | Found Tuacok's Changing Room.
 15235 | D:10     | Noticed Psyche
 15244 | D:10     | Killed Psyche
 15504 | D:10     | Noticed Fannar
 15532 | D:10     | Killed from afar by Fannar

Illustrated notes

Levels and vault maps discovered:
D:1:      wander_arrival_lonely_grave, layout_basic
D:2:      layout_loops_ring, uniq_jessica, uniq_crazy_yiuf_cottage, uniq_natasha
D:3:      layout_rooms
D:4:      layout_basic, lightli_temple_of_fire
D:5:      minmay_angry_zag, layout_basic, minmay_temple_entry_enclosed_plants,
          uniq_grinder
D:6:      layout_loops_ring, fedhas_altar_fruit_tree, minitemple,
          lemuel_tele_altar
D:7:      layout_layer_cave
D:8:      cheibrodos_grave_circle, layout_loops_corners,
          lemuel_coloured_pillars_altar, grunt_gozag_statues,
          due_lair_maze_entry_diamond, biasface_ghost_orc_armoury
D:9:      layout_loops_ring, enter_bailey_2,
          hellmonk_guarded_unrand_staff_of_battle
D:10:     layout_irregular_city, serial_undead, serial_undead_d,
          serial_undead_a, serial_undead_b, serial_undead_b, serial_undead_a,
          serial_undead_e, serial_undead_d, serial_undead_a, serial_undead_f,
          serial_undead_c, nicolae_transmutations_shop, uniq_fannar,
          uniq_joseph, uniq_psyche
Lair:1:   statuecave_lemuel, layout_big_grid
Lair:2:   cheibrodos_lair_overgrown_chateau, layout_cave_pods, lemuel_fruit_tree

Skill      XL: |  1  2  3  4  5  6  7  8  9 10 11 12 |
---------------+-------------------------------------+-----
Axes           | 3 4 5 6 7 8 10 12 14 15 | 15.9
Armour         | 3 4 5 7 9 10 12 13 | 13.6
Fighting       | |  3.3
Dodging        | |  1.6

Action                   |  1- 3 |  4- 6 |  7- 9 | 10-12 || total
-------------------------+-------+-------+-------+-------++-------
Melee: Hand axe          |    33 |       |       |       ||    33
       Whip              |    45 |   149 |   174 |       ||   368
       Trident           |       |       |   169 |  1046 ||  1215
Invok: Berserk           |     1 |     6 |    10 |    13 ||    30
  Use: Scroll            |       |       |     1 |     9 ||    10
Armor: Ring mail         |    41 |    16 |       |       ||    57
       Animal skin       |     2 |       |       |       ||     2
       Plate armour      |       |    54 |   206 |   819 ||  1079
Dodge: Dodged            |    58 |    80 |   173 |   555 ||   866
Block: Tower shield      |       |       |       |   450 ||   450

Table legend: (Time is in decaauts)
 A = Elapsed time spent in this place.
 B = Non-inter-level travel time spent in this place.
 C = Inter-level travel time spent in this place.
 D = Time resting spent in this place.
 E = Time spent auto-exploring this place.
 F = Levels seen in this place.
 G = Mean time per level.
                   A        B        C        D        E       F      G
               +--------+--------+--------+--------+--------+-----+--------+
         Total |  15831 |  15718 |    113 |   3778 |   2779 |  13 | 1217.8 |
       Dungeon |  12449 |  12355 |     94 |   3390 |   2530 |  10 | 1244.9 |
          Lair |   2561 |   2543 |     18 |    388 |    249 |   2 | 1280.5 |
        Bailey |    821 |    821 |      0 |      0 |      0 |   1 |  821.0 |
               +--------+--------+--------+--------+--------+-----+--------+

Top non-repeatable levels by time:
  Lair:2: 1830 daAuts
     D:2: 1745 daAuts
     D:1: 1551 daAuts
     D:8: 1509 daAuts
     D:7: 1466 daAuts
     D:4: 1329 daAuts
     D:5: 1260 daAuts
     D:6: 1175 daAuts
     D:9: 1049 daAuts
    D:10: 850 daAuts
  Bailey: 821 daAuts
  Lair:1: 730 daAuts
     D:3: 511 daAuts
